Heat vs Phantoms
Created - 28 janvier 2012 at 18:15
Goals
|
| Heat |
0 |
0 |
2 |
2 |
| Phantoms |
0 |
0 |
0 |
0 |
|
Shots
|
| Heat |
1 |
1 |
10 |
12 |
| Phantoms |
3 |
0 |
8 |
11 |
|
1st period
No Goal
Penalties :
Ben Eager (PHI) for Interference (Minor) at 7:35
2nd period
No Goal
Penalties :
No Penalty
3rd period
1. Heat , Brett Connolly 7 (Brad Richardson) at 16:45 (PP)
2. Heat , Brett Connolly 8 (Brad Richardson, Brandon Gormley) at 17:57 (PP)
Penalties :
Nick Tarnasky (PHI) for Roughing (Minor) at 9:10, Brandon Gormley (CAL) for Hooking (Minor) at 9:10, Mike Brown (PHI) for Tripping (Minor) at 11:38, Ben Eager (PHI) for Hooking (Minor) at 15:35, Nick Tarnasky (PHI) for Hooking (Minor) at 17:41, Ben Eager (PHI) for Fighting (Major) at 18:08, Brad Richardson (CAL) for Fighting (Major) at 18:08, Calle Jarnkrok (PHI) for Hooking (Minor) at 19:12
Goalie Stats
Peter Budaj (CAL), 11 saves from 11 shots - (1,000), W, 4-2-3, 60:00 minutes
Jose Theodore (PHI), 10 saves from 12 shots - (0,833), L, 5-9-3, 60:00 minutes
Players Stats for Heat
Player Name G A P +/- PIM S H SB GA TA FO MP PP MP PK MP
------------------------------------------------------------------------------------
Alexander Burmistrov 0 0 0 0 0 0 2 0 0 0 1/2 21:57 3:47 0:00
Brad Richardson 0 2 2 0 5 3 1 0 0 1 2/5 21:42 2:37 0:00
Brandon Gormley 0 1 1 0 2 1 2 1 0 0 0/0 25:20 4:26 0:00
Brett Connolly 2 0 2 0 0 3 1 0 0 0 0/1 22:26 3:47 0:00
Corey Potter 0 0 0 0 0 0 1 0 0 0 0/0 16:54 0:00 0:00
Jakub Kindl 0 0 0 0 0 0 1 0 0 0 0/0 20:12 4:24 0:00
Johan Larsson 0 0 0 0 0 1 2 0 1 0 3/5 17:29 0:21 0:00
Keaton Ellerby 0 0 0 0 0 0 2 1 0 1 0/0 19:46 0:00 0:00
Lars Eller 0 0 0 0 0 0 0 0 0 0 0/0 13:19 0:45 0:00
Luca Sbisa 0 0 0 0 0 0 2 1 0 0 0/0 21:55 1:47 0:00
Marc-Andre Gragnani 0 0 0 0 0 0 0 0 0 0 0/0 13:18 1:45 0:00
Mark Letestu 0 0 0 0 0 0 0 0 0 0 0/0 4:17 0:00 0:00
Mikael Granlund 0 0 0 0 0 0 0 0 0 0 0/0 2:52 0:00 0:00
Nathan Gerbe 0 0 0 0 0 2 0 0 0 0 2/6 15:15 2:58 0:00
Nikita Filatov 0 0 0 0 0 0 1 0 0 0 0/0 15:16 2:03 0:00
Niklas Hagman 0 0 0 0 0 0 0 0 0 1 0/0 19:31 2:15 0:00
Ryan White 0 0 0 0 0 0 2 0 0 0 0/0 8:14 0:00 0:00
Tyler Toffoli 0 0 0 0 0 2 1 0 0 0 4/12 18:16 0:00 0:00
Players Stats for Phantoms
Player Name G A P +/- PIM S H SB GA TA FO MP PP MP PK MP
------------------------------------------------------------------------------------
Aaron MacKenzie 0 0 0 0 0 0 0 0 0 0 0/0 12:48 0:00 1:49
Aaron Miller 0 0 0 0 0 0 0 0 0 0 0/0 16:57 0:00 1:57
Aaron Rome 0 0 0 0 0 1 1 0 0 0 0/0 24:23 0:00 4:20
Artem Anisimov 0 0 0 0 0 0 4 0 0 0 0/0 16:37 0:00 0:00
Ben Eager 0 0 0 0 9 1 4 0 0 0 1/1 17:23 0:00 0:47
Calle Jarnkrok 0 0 0 0 2 2 1 0 0 0 1/2 14:47 0:00 0:00
Colin Wilson 0 0 0 0 0 0 0 0 0 0 1/1 1:26 0:00 0:00
Derek Meech 0 0 0 0 0 0 2 0 0 0 0/0 18:51 0:00 0:00
Derick Brassard 0 0 0 0 0 3 0 1 1 0 11/21 23:10 0:00 4:03
Dylan McIlrath 0 0 0 0 0 1 3 0 0 0 0/0 26:09 0:00 4:16
Evander Kane 0 0 0 0 0 0 2 0 0 0 1/2 16:55 0:00 0:00
John McFarland 0 0 0 0 0 0 0 0 0 0 0/0 0:22 0:00 0:00
Kyle Wellwood 0 0 0 0 0 1 1 0 1 0 3/3 22:09 0:00 4:04
Maxim Lapierre 0 0 0 0 0 0 0 0 0 0 0/0 9:37 0:00 1:01
Mike Brown 0 0 0 0 2 0 2 0 0 0 0/0 16:46 0:00 0:00
Nick Tarnasky 0 0 0 0 4 0 2 0 0 0 1/1 16:05 0:00 1:18
Ruslan Salei 0 0 0 0 0 0 0 0 1 1 0/0 19:19 0:00 0:00
Tim Kennedy 0 0 0 0 0 2 0 0 0 0 0/0 17:59 0:00 1:09
3 Stars
1 - Brett Connolly (CAL)
2 - Peter Budaj (CAL)
3 - Artem Anisimov (PHI)
Power Play
Heat - 2 on 5 Attempt(s) - 40,00%
Phantoms - 0 on 0 Attempt(s) - 0,00%
Penalty Kill
Heat - 0 on 0 Attempt(s) - 0,00%
- Score 0 goal in Penalty Kill
Phantoms - 3 on 5 Attempt(s) - 60,00%
- Score 0 goal in Penalty Kill
Official
Referees : Tim Peel and Don Koharski
Linesman : Brian Murphy and Tim Nowak
Game Notes
Brad Richardson beats up Ben Eager at 18:08 of 3rd period
Heat
5 vs 5 Forward
Center Left Wing Right Wing Time % Phy DF OF
1 Johan Larsson Brad Richardson Brett Connolly 40 1 2 2
2 Tyler Toffoli Niklas Hagman Alexander Burmistrov 30 1 2 2
3 Tyler Toffoli Brad Richardson Brett Connolly 20 1 2 2
4 Alexander Burmistrov Brett Connolly Brad Richardson 10 1 2 2
5 vs 5 Defense
Defense Defense Time % Phy DF OF
1 Brandon Gormley Keaton Ellerby 40 1 2 2
2 Luca Sbisa Corey Potter 30 1 2 2
3 Brandon Gormley Luca Sbisa 20 1 2 2
4 Jakub Kindl Keaton Ellerby 10 1 2 2
PowerPlay Forward
Center Left Wing Right Wing Time % Phy DF OF
1 Brad Richardson Alexander Burmistrov Brett Connolly 60 1 2 2
2 Brad Richardson Brett Connolly Alexander Burmistrov 40 1 2 2
PowerPlay Defense
Defense Defense Time % Phy DF OF
1 Brandon Gormley Jakub Kindl 60 1 2 2
2 Brandon Gormley Jakub Kindl 40 1 2 2
Penalty Kill 4 Players Forward
Center Wing Time % Phy DF OF
1 Alexander Burmistrov Brett Connolly 60 1 2 2
2 Alexander Burmistrov Tyler Toffoli 40 1 2 2
Penalty Kill 4 Players Defense
Defense Defense Time % Phy DF OF
1 Jakub Kindl Brandon Gormley 60 1 2 2
2 Jakub Kindl Keaton Ellerby 40 1 2 2
Penalty Kill - 3 Players Forward
Forward Time % Phy DF OF
1 Alexander Burmistrov 60 1 2 2
2 Alexander Burmistrov 40 1 2 2
Penalty Kill - 3 Players Defense
Defense Defense Time % Phy DF OF
1 Jakub Kindl Brandon Gormley 60 1 2 2
2 Brandon Gormley Jakub Kindl 40 1 2 2
4 vs 4 Forward
Center Wing Time % Phy DF OF
1 Brett Connolly Alexander Burmistrov 60 1 2 2
2 Alexander Burmistrov Brett Connolly 40 1 2 2
4 vs 4 Defense
Defense Defense Time % Phy DF OF
1 Brandon Gormley Jakub Kindl 60 1 2 2
2 Jakub Kindl Brandon Gormley 40 1 2 2
Last Minutes Offensive
Center Left Wing Right Wing Defense Defense
Brett Connolly Brad Richardson Niklas Hagman Brandon Gormley Keaton Ellerby
Last Minutes Defensive
Center Left Wing Right Wing Defense Defense
Brett Connolly Brad Richardson Niklas Hagman Brandon Gormley Keaton Ellerby
Goaltenders
Starting : Peter Budaj
Backup : Jack Campbell
Extra Forwards
Normal : Brad Richardson, Alexander Burmistrov, Brett Connolly - PP : Alexander Burmistrov, Brad Richardson - PK : Alexander Burmistrov
Extra Defensemen
Normal : Jakub Kindl, Keaton Ellerby, Luca Sbisa - PP : Jakub Kindl - PK : Brandon Gormley, Jakub Kindl
Penalty Shots
Alexander Burmistrov, Brad Richardson, Niklas Hagman, Tyler Toffoli, Brett Connolly
Phantoms
5 vs 5 Forward
Center Left Wing Right Wing Time % Phy DF OF
1 Derick Brassard Artem Anisimov Kyle Wellwood 40 1 2 2
2 Evander Kane Tim Kennedy Mike Brown 30 1 2 2
3 Derick Brassard Ben Eager Nick Tarnasky 20 1 2 2
4 Calle Jarnkrok Evander Kane Derick Brassard 10 1 2 2
5 vs 5 Defense
Defense Defense Time % Phy DF OF
1 Derek Meech Ruslan Salei 40 1 2 2
2 Dylan McIlrath Aaron Rome 30 1 2 2
3 Dylan McIlrath Aaron Miller 20 1 2 2
4 Aaron Rome Dylan McIlrath 10 1 2 2
PowerPlay Forward
Center Left Wing Right Wing Time % Phy DF OF
1 Derick Brassard Evander Kane Kyle Wellwood 60 1 2 2
2 Derick Brassard Tim Kennedy Mike Brown 40 1 2 2
PowerPlay Defense
Defense Defense Time % Phy DF OF
1 Aaron Rome Dylan McIlrath 60 1 2 2
2 Dylan McIlrath Aaron Rome 40 1 2 2
Penalty Kill 4 Players Forward
Center Wing Time % Phy DF OF
1 Derick Brassard Kyle Wellwood 60 1 2 2
2 Kyle Wellwood Derick Brassard 40 1 2 2
Penalty Kill 4 Players Defense
Defense Defense Time % Phy DF OF
1 Aaron Rome Dylan McIlrath 60 1 2 2
2 Dylan McIlrath Aaron Rome 40 1 2 2
Penalty Kill - 3 Players Forward
Forward Time % Phy DF OF
1 Kyle Wellwood 60 1 2 2
2 Derick Brassard 40 1 2 2
Penalty Kill - 3 Players Defense
Defense Defense Time % Phy DF OF
1 Dylan McIlrath Aaron Rome 60 1 2 2
2 Dylan McIlrath Aaron Rome 40 1 2 2
4 vs 4 Forward
Center Wing Time % Phy DF OF
1 Kyle Wellwood Derick Brassard 60 1 2 2
2 Derick Brassard Kyle Wellwood 40 1 2 2
4 vs 4 Defense
Defense Defense Time % Phy DF OF
1 Aaron Rome Dylan McIlrath 60 1 2 2
2 Ruslan Salei Aaron Rome 40 1 2 2
Last Minutes Offensive
Center Left Wing Right Wing Defense Defense
Derick Brassard Evander Kane Kyle Wellwood Dylan McIlrath Ruslan Salei
Last Minutes Defensive
Center Left Wing Right Wing Defense Defense
Derick Brassard Evander Kane Kyle Wellwood Dylan McIlrath Ruslan Salei
Goaltenders
Starting : Jose Theodore
Backup : Alexander Pechurski
Extra Forwards
Normal : Calle Jarnkrok, Ben Eager, Nick Tarnasky - PP : Calle Jarnkrok, Ben Eager - PK : Nick Tarnasky
Extra Defensemen
Normal : Aaron Rome, Aaron Miller, Dylan McIlrath - PP : Aaron Rome - PK : Aaron Miller, Aaron Rome
Penalty Shots
Kyle Wellwood, Derick Brassard, Evander Kane, Ben Eager, Calle Jarnkrok
% Time on Ice - Heat
Lines # - Real PCT - Wanted PCT - Time Play
Normal Forward
1 - 38% - 40% - 19:55
2 - 32% - 30% - 16:38
3 - 20% - 20% - 10:27
4 - 9% - 10% - 4:50
Normal Defense
1 - 36% - 40% - 18:47
2 - 29% - 30% - 15:03
3 - 18% - 20% - 9:22
4 - 17% - 10% - 8:38
PP Forward
1 - 100% - 60% - 6:11
2 - 0% - 40% - 0:00
PP Defense
1 - 100% - 60% - 6:11
2 - 0% - 40% - 0:00
PK Forward
1 - 0% - 60%
2 - 0% - 40%
PK Defense
1 - 0% - 60%
2 - 0% - 40%
PK3 Forward
1 - 0% - 60%
2 - 0% - 40%
PK3 Defense
1 - 0% - 60%
2 - 0% - 40%
44 Forward
1 - 100% - 60% - 1:59
2 - 0% - 40% - 0:00
44 Defense
1 - 100% - 60% - 1:59
2 - 0% - 40% - 0:00
Last Minute Offensive - 0:00
Last Minute Defensive - 0:00
Total
Forward - 60:00
Defense - 60:00
|
% Time on Ice - Phantoms
Lines # - Real PCT - Wanted PCT - Time Play
Normal Forward
1 - 32% - 40% - 16:33
2 - 32% - 30% - 16:50
3 - 23% - 20% - 12:03
4 - 12% - 10% - 6:24
Normal Defense
1 - 41% - 40% - 21:15
2 - 28% - 30% - 14:40
3 - 21% - 20% - 10:59
4 - 10% - 10% - 4:56
PP Forward
1 - 0% - 60%
2 - 0% - 40%
PP Defense
1 - 0% - 60%
2 - 0% - 40%
PK Forward
1 - 100% - 60% - 6:10
2 - 0% - 40% - 0:01
PK Defense
1 - 100% - 60% - 6:11
2 - 0% - 40% - 0:00
PK3 Forward
1 - 0% - 60%
2 - 0% - 40%
PK3 Defense
1 - 0% - 60%
2 - 0% - 40%
44 Forward
1 - 100% - 60% - 1:59
2 - 0% - 40% - 0:00
44 Defense
1 - 51% - 60% - 1:01
2 - 49% - 40% - 0:58
Last Minute Offensive - 0:00
Last Minute Defensive - 0:00
Total
Forward - 60:00
Defense - 60:00
|
Play by Play
1st period
0:01 of 1st period - Johan Larsson wins face-off versus Derick Brassard in neutral zone.
1:16 of 1st period - Off-side.
1:17 of 1st period - Ben Eager wins face-off versus Tyler Toffoli in neutral zone.
1:26 of 1st period - Ruslan Salei is hit by Keaton Ellerby and loses puck.
2:16 of 1st period - Ruslan Salei is hit by Johan Larsson and loses puck.
2:39 of 1st period - Wrist shot by Brad Richardson.
2:39 of 1st period - Deflect By Brett Connolly.
2:39 of 1st period - Shot Misses the Net.
2:39 of 1st period - Puck is out of play.
2:40 of 1st period - Tyler Toffoli wins face-off versus Evander Kane in Phantoms zone.
2:47 of 1st period - Slapshot by Niklas Hagman.
2:47 of 1st period - Deflect By Tyler Toffoli.
2:47 of 1st period - Stopped by Jose Theodore with a rebound.
2:52 of 1st period - Off-side.
2:53 of 1st period - Evander Kane wins face-off versus Tyler Toffoli in neutral zone.
3:02 of 1st period - Wrist shot by Evander Kane.
3:02 of 1st period - Shot Blocked by Keaton Ellerby.
3:10 of 1st period - Wrist shot by Tim Kennedy.
3:10 of 1st period - Stopped by Peter Budaj with a rebound.
6:04 of 1st period - Brad Richardson is hit by Nick Tarnasky and loses puck.
7:33 of 1st period - Johan Larsson is hit by Ben Eager and loses puck.
7:35 of 1st period - Minor Penalty to Ben Eager for Interference.
7:36 of 1st period - Kyle Wellwood wins face-off versus Brad Richardson in Phantoms zone.
8:23 of 1st period - Aaron Miller is hit by Jakub Kindl and loses puck.
9:35 of 1st period - Penalty to Ben Eager is over, Ben Eager is back on ice.
9:44 of 1st period - Nick Tarnasky is hit by Johan Larsson and loses puck.
11:37 of 1st period - Icing by Tim Kennedy.
11:38 of 1st period - Johan Larsson wins face-off versus Derick Brassard in Phantoms zone.
11:55 of 1st period - Tyler Toffoli is hit by Nick Tarnasky and loses puck.
12:16 of 1st period - Brandon Gormley is hit by Mike Brown and loses puck.
12:31 of 1st period - Slapshot by Calle Jarnkrok.
12:31 of 1st period - Stopped by Peter Budaj without a rebound.
12:32 of 1st period - Calle Jarnkrok wins face-off versus Tyler Toffoli in Heat zone.
12:33 of 1st period - Slapshot by Dylan McIlrath.
12:33 of 1st period - Deflect By Tyler Toffoli.
12:33 of 1st period - Stopped by Peter Budaj with a rebound.
12:35 of 1st period - Slapshot by Ben Eager.
12:35 of 1st period - Shot Blocked by Brandon Gormley.
13:11 of 1st period - Johan Larsson is hit by Dylan McIlrath and loses puck.
13:22 of 1st period - Johan Larsson is hit by Evander Kane and loses puck.
16:11 of 1st period - Niklas Hagman is hit by Calle Jarnkrok and loses puck.
16:54 of 1st period - Kyle Wellwood is hit by Luca Sbisa and loses puck.
17:58 of 1st period - Aaron MacKenzie is hit by Nikita Filatov and loses puck.
19:11 of 1st period - Brett Connolly is hit by Ben Eager and loses puck.
2nd period
0:01 of 2nd period - Derick Brassard wins face-off versus Tyler Toffoli in neutral zone.
0:12 of 2nd period - Snap shot by Tyler Toffoli.
0:12 of 2nd period - Shot Misses the Net.
0:14 of 2nd period - Slapshot by Tyler Toffoli.
0:14 of 2nd period - Shot Misses the Net.
0:16 of 2nd period - Slapshot by Brett Connolly.
0:16 of 2nd period - Stopped by Jose Theodore with a rebound.
1:41 of 2nd period - Corey Potter is hit by Artem Anisimov and loses puck.
2:20 of 2nd period - Johan Larsson is hit by Artem Anisimov and loses puck.
3:41 of 2nd period - Lars Eller is hit by Artem Anisimov and loses puck.
5:25 of 2nd period - Johan Larsson is hit by Artem Anisimov and loses puck.
7:23 of 2nd period - Calle Jarnkrok is hit by Ryan White and loses puck.
8:30 of 2nd period - Luca Sbisa is hit by Ben Eager and loses puck.
8:43 of 2nd period - Nikita Filatov is hit by Ben Eager and loses puck.
9:11 of 2nd period - Luca Sbisa is hit by Kyle Wellwood.
13:53 of 2nd period - Calle Jarnkrok is hit by Alexander Burmistrov and loses puck.
16:32 of 2nd period - Icing by Jakub Kindl.
16:33 of 2nd period - Nathan Gerbe wins face-off versus Calle Jarnkrok in Heat zone.
16:33 of 2nd period - Nathan Gerbe is hit by Dylan McIlrath.
18:07 of 2nd period - Slapshot by Nathan Gerbe.
18:07 of 2nd period - Shot Misses the Net.
3rd period
0:01 of 3rd period - Derick Brassard wins face-off versus Johan Larsson in neutral zone.
0:27 of 3rd period - Tyler Toffoli is hit by Dylan McIlrath and loses puck.
1:15 of 3rd period - Dylan McIlrath is hit by Luca Sbisa.
1:47 of 3rd period - Snap shot by Johan Larsson.
1:47 of 3rd period - Stopped by Jose Theodore with a rebound.
3:45 of 3rd period - Brad Richardson is hit by Mike Brown and loses puck.
6:01 of 3rd period - Derick Brassard is hit by Keaton Ellerby and loses puck.
8:02 of 3rd period - Dylan McIlrath is hit by Ryan White and loses puck.
8:29 of 3rd period - Wrist shot by Tim Kennedy.
8:29 of 3rd period - Stopped by Peter Budaj without a rebound.
8:30 of 3rd period - Colin Wilson wins face-off versus Johan Larsson in Heat zone.
8:43 of 3rd period - Brandon Gormley is hit by Derek Meech and loses puck.
9:10 of 3rd period - Minor Penalty to Nick Tarnasky for Roughing.
9:10 of 3rd period - Minor Penalty to Brandon Gormley for Hooking.
9:11 of 3rd period - Kyle Wellwood wins face-off versus Brett Connolly in Heat zone.
9:52 of 3rd period - Jakub Kindl is hit by Aaron Rome and loses puck.
10:29 of 3rd period - Slapshot by Maxim Lapierre.
10:29 of 3rd period - Shot Hit the Post.
10:47 of 3rd period - Aaron Miller is hit by Corey Potter.
11:10 of 3rd period - Penalty to Nick Tarnasky is over, Nick Tarnasky is back on ice.
11:10 of 3rd period - Penalty to Brandon Gormley is over, Brandon Gormley is back on ice.
11:15 of 3rd period - Johan Larsson is hit by Evander Kane and loses puck.
11:24 of 3rd period - Tim Kennedy is hit by Brandon Gormley and loses puck.
11:29 of 3rd period - Wrist shot by Brad Richardson.
11:29 of 3rd period - Stopped by Jose Theodore with a rebound.
11:37 of 3rd period - Slapshot by Niklas Hagman.
11:37 of 3rd period - Shot Misses the Net.
11:38 of 3rd period - Minor Penalty to Mike Brown for Tripping.
11:39 of 3rd period - Kyle Wellwood wins face-off versus Alexander Burmistrov in Phantoms zone.
11:39 of 3rd period - Kyle Wellwood is hit by Alexander Burmistrov.
13:38 of 3rd period - Penalty to Mike Brown is over, Mike Brown is back on ice.
13:52 of 3rd period - Lars Eller is hit by Derek Meech and loses puck.
14:35 of 3rd period - Snap shot by Maxim Lapierre.
14:35 of 3rd period - Shot Misses the Net.
15:35 of 3rd period - Minor Penalty to Ben Eager for Hooking.
15:36 of 3rd period - Brad Richardson wins face-off versus Derick Brassard in Phantoms zone.
15:39 of 3rd period - Backhand shot by Brad Richardson.
15:39 of 3rd period - Shot Misses the Net.
15:41 of 3rd period - Wrist shot by Brad Richardson.
15:41 of 3rd period - Stopped by Jose Theodore with a rebound.
15:43 of 3rd period - Slapshot by Brandon Gormley.
15:43 of 3rd period - Shot Blocked by Derick Brassard.
15:45 of 3rd period - Snap shot by Brett Connolly.
15:45 of 3rd period - Shot Misses the Net.
15:55 of 3rd period - Dylan McIlrath is hit by Brad Richardson and loses puck.
16:20 of 3rd period - Slapshot by Brandon Gormley.
16:20 of 3rd period - Stopped by Jose Theodore without a rebound.
16:21 of 3rd period - Nick Tarnasky wins face-off versus Nathan Gerbe in Phantoms zone.
16:30 of 3rd period - Dylan McIlrath is hit by Brandon Gormley and loses puck.
16:39 of 3rd period - Snap shot by Nathan Gerbe.
16:39 of 3rd period - Stopped by Jose Theodore with a rebound.
16:41 of 3rd period - Slapshot by Marc-Andre Gragnani.
16:41 of 3rd period - Shot Misses the Net.
16:43 of 3rd period - Snap shot by Nathan Gerbe.
16:43 of 3rd period - Stopped by Jose Theodore without a rebound.
16:44 of 3rd period - Brad Richardson wins face-off versus Derick Brassard in Phantoms zone.
16:45 of 3rd period - Snap shot by Brett Connolly.
16:45 of 3rd period - Goal by Brett Connolly - Heat : 1 - Phantoms : 0.
16:46 of 3rd period - Derick Brassard wins face-off versus Tyler Toffoli in neutral zone.
16:53 of 3rd period - Snap shot by Ben Eager.
16:53 of 3rd period - Stopped by Peter Budaj with a rebound.
17:16 of 3rd period - Snap shot by Evander Kane.
17:16 of 3rd period - Shot Misses the Net.
17:18 of 3rd period - Wrist shot by Tim Kennedy.
17:18 of 3rd period - Shot Misses the Net.
17:20 of 3rd period - Slapshot by Evander Kane.
17:20 of 3rd period - Deflect By Tim Kennedy.
17:20 of 3rd period - Shot Misses the Net.
17:20 of 3rd period - Puck is out of play.
17:21 of 3rd period - Johan Larsson wins face-off versus Derick Brassard in Heat zone.
17:28 of 3rd period - Snap shot by Brad Richardson.
17:28 of 3rd period - Stopped by Jose Theodore without a rebound.
17:29 of 3rd period - Derick Brassard wins face-off versus Brad Richardson in Phantoms zone.
17:38 of 3rd period - Snap shot by Derick Brassard.
17:38 of 3rd period - Stopped by Peter Budaj without a rebound.
17:39 of 3rd period - Tyler Toffoli wins face-off versus Derick Brassard in Heat zone.
17:41 of 3rd period - Minor Penalty to Nick Tarnasky for Hooking.
17:42 of 3rd period - Derick Brassard wins face-off versus Brad Richardson in Phantoms zone.
17:57 of 3rd period - Slapshot by Brad Richardson.
17:57 of 3rd period - Deflect By Brett Connolly.
17:57 of 3rd period - Goal by Brett Connolly - Heat : 2 - Phantoms : 0.
17:58 of 3rd period - Derick Brassard wins face-off versus Tyler Toffoli in neutral zone.
18:05 of 3rd period - Snap shot by Derick Brassard.
18:05 of 3rd period - Stopped by Peter Budaj with a rebound.
18:08 of 3rd period - Brad Richardson beats up Ben Eager.
18:08 of 3rd period - Penalty to Ben Eager for Fighting.
18:08 of 3rd period - Penalty to Brad Richardson for Fighting.
18:09 of 3rd period - Tyler Toffoli wins face-off versus Derick Brassard in neutral zone.
18:18 of 3rd period - Slapshot by Calle Jarnkrok.
18:18 of 3rd period - Shot Blocked by Luca Sbisa.
18:20 of 3rd period - Snap shot by Aaron Rome.
18:20 of 3rd period - Stopped by Peter Budaj without a rebound.
18:21 of 3rd period - Derick Brassard wins face-off versus Tyler Toffoli in Heat zone.
18:24 of 3rd period - Snap shot by Derick Brassard.
18:24 of 3rd period - Shot Misses the Net.
18:26 of 3rd period - Slapshot by Dylan McIlrath.
18:26 of 3rd period - Shot Misses the Net.
18:28 of 3rd period - Wrist shot by Calle Jarnkrok.
18:28 of 3rd period - Shot Misses the Net.
18:34 of 3rd period - Snap shot by Calle Jarnkrok.
18:34 of 3rd period - Stopped by Peter Budaj without a rebound.
18:35 of 3rd period - Alexander Burmistrov wins face-off versus Derick Brassard in Heat zone.
18:42 of 3rd period - Snap shot by Derick Brassard.
18:42 of 3rd period - Shot Misses the Net.
18:44 of 3rd period - Slapshot by Artem Anisimov.
18:44 of 3rd period - Shot Misses the Net.
18:46 of 3rd period - Wrist shot by Derick Brassard.
18:46 of 3rd period - Stopped by Peter Budaj without a rebound.
18:47 of 3rd period - Tyler Toffoli wins face-off versus Derick Brassard in Heat zone.
18:56 of 3rd period - Slapshot by Brandon Gormley.
18:56 of 3rd period - Shot Misses the Net.
18:58 of 3rd period - Wrist shot by Tyler Toffoli.
18:58 of 3rd period - Stopped by Jose Theodore without a rebound.
18:59 of 3rd period - Derick Brassard wins face-off versus Tyler Toffoli in Phantoms zone.
18:59 of 3rd period - Derick Brassard is hit by Tyler Toffoli.
19:12 of 3rd period - Minor Penalty to Calle Jarnkrok for Hooking.
19:13 of 3rd period - Derick Brassard wins face-off versus Nathan Gerbe in Phantoms zone.
19:24 of 3rd period - Dylan McIlrath is hit by Brett Connolly and loses puck.
19:29 of 3rd period - Wrist shot by Brandon Gormley.
19:29 of 3rd period - Shot Misses the Net.
19:40 of 3rd period - Icing by Alexander Burmistrov.
19:41 of 3rd period - Derick Brassard wins face-off versus Nathan Gerbe in Heat zone.
19:42 of 3rd period - Snap shot by Kyle Wellwood.
19:42 of 3rd period - Stopped by Peter Budaj without a rebound.
19:43 of 3rd period - Derick Brassard wins face-off versus Nathan Gerbe in Heat zone.
19:50 of 3rd period - Snap shot by Kyle Wellwood.
19:50 of 3rd period - Shot Misses the Net.
19:55 of 3rd period - Off-side.
19:56 of 3rd period - Nathan Gerbe wins face-off versus Derick Brassard in neutral zone.
Output by the SimonT Hockey Simulator (STHS) for Mario Henri -- Original Page W3C XHTML 1.0 Valid